 Dungeon Crawl Stone Soup version 0.25-a0-306-g3faca94807 (webtiles) character file.

Game seed: 11141068193775211293, levelgen mode: deterministic

27 Redear the Skirmisher (level 2, 0/24 HPs)
             Began as a Mummy Monk on Dec 21, 2019.
             Slain by a frilled lizard (1 damage)
             ... on level 1 of the Dungeon.
             The game lasted 00:01:02 (1124 turns).

Redear the Skirmisher (Mummy Monk)                  Turns: 1124, Time: 00:01:03

Health: 0/24       AC:  1    Str: 14    XL:     2   Next: 93%
Magic:  2/2        EV: 13    Int:  9    God:
Gold:   36         SH:  0    Dex: 14    Spells: 1/1 levels left

rFire    x . .     SeeInvis .     - Unarmed
rCold    + . .     Gourm    .   (no shield)
rNeg     + + +     Faith    .   (no armour)
rPois    ∞         Spirit   .   c - +0 helmet
rElec    .         Reflect  .   (no cloak)
rCorr    .         Harm     .   (no gloves)
MR       .....                  (no boots)
Stlth    ++........             (no amulet)
HPRegen  0.08/turn              (no ring)
MPRegen  0.08/turn              (no ring)

@: no status effects
A: no food or potions, fire vulnerability, cold resistance 1, negative energy
resistance 3, torment resistance, unbreathing
a: no special abilities


You were on level 1 of the Dungeon.
You were not hungry.

You visited 1 branch of the dungeon, and saw 1 of its levels.

You collected 36 gold pieces.

Inventory:

Armour
 c - a +0 helmet (worn)
Scrolls
 b - a scroll of noise
 d - a scroll of immolation {unknown}


   Skills:
 + Level 3.4 Fighting
 + Level 2.8 Dodging
 - Level 1.5 Stealth
 + Level 2.7 Unarmed Combat


You had one spell level left.
You didn't know any spells.
Your spell library was empty.

Dungeon Overview and Level Annotations

Branches:
Dungeon (1/15)

Altars:


Innate Abilities, Weirdness & Mutations

You do not eat or drink.
Your flesh is vulnerable to fire.
You are immune to poison.
Your flesh is cold resistant. (rC+)
You are immune to negative energy. (rN+++)
You are immune to unholy pain and torment.
You can survive without breathing.


Message History

You are too injured to fight recklessly!
Unknown command.
The frilled lizard closely misses you.
You barely miss the hobgoblin.
The hobgoblin hits you with a cursed -3 club.
* * * LOW HITPOINT WARNING * * *
You take 4 damage, and have 3/24 hp.
Really walk into that dispersal trap?
You enter a dispersal trap!
The hobgoblin blinks!
The frilled lizard blinks! x3
The hobgoblin blinks!
The frilled lizard blinks!
You blink.
The frilled lizard bites you.
* * * LOW HITPOINT WARNING * * *
You take 3 damage, and have 1/24 hp.
The frilled lizard closely misses you.
Okay, then.
As you read the scroll labeled VAB CUDU ESTAF, it crumbles to dust.
It is a scroll of identify.
b - a scroll of noise The frilled lizard bites you.
You die...

. .#.....^..###
..###........#
..#.'........#
######.#.#........#
#......#.#........#
#.###..#.#..........
#.#.#..#.#g..........
#####
#.#.†..#''l..........
....#
#.#!#.#...@........
....#
#)#.#.'.......###..
....# #)#.###.......#
.
....###.#.###.......#
....'...#...........#
....#####...........#
....# #............
....# #.............
##### #......##+#...


You could see a hobgoblin and a frilled lizard.

Vanquished Creatures
  A dart slug (D:1)
  A leopard gecko (D:1)
  3 giant cockroaches (D:1)
  4 goblins (D:1)
  2 hobgoblins (D:1)
  A ball python (D:1)
  3 bats (D:1)
  A frilled lizard (D:1)
  5 kobolds (D:1)
  A rat (D:1)
22 creatures vanquished.

Notes
Turn   | Place    | Note
-------+----------+-------------------------------------------
     0 | D:1      | Redear the Mummy Monk began the quest for the Orb.
     0 | D:1      | Reached XP level 1. HP: 18/18 MP: 1/1
   433 | D:1      | Reached XP level 2. HP: 24/24 MP: 2/2
  1122 | D:1      | HP: 1/24 [frilled lizard (3)]
  1124 | D:1      | Slain by a frilled lizard

Levels and vault maps discovered:
D:1:      sevenhm_arrival_forest_fort_large_4, layout_basic

Action                   || total
-------------------------++-------
Melee: Unarmed           ||    98
       Punch             ||     3
  Use: Scroll            ||     1
 Stab: Sleeping          ||     2
Armor: Skin              ||     5
Dodge: Dodged            ||    82

Table legend:
 A = Non-vault XP
 B = Vault XP
 C = Vault XP percentage of total XP
 D = Non-vault monster count
 E = Vault monster count
 F = Vault count percentage of total count
                 A         B        C        D         E       F
            +---------+---------+-------+---------+---------+-------
      Total |      39 |       0 |   0.0 |      22 |       0 |   0.0
            +---------+---------+-------+---------+---------+-------
        D:1 |      39 |       0 |   0.0 |      22 |       0 |   0.0
            +---------+---------+-------+---------+---------+-------
